 Dungeon Crawl Stone Soup version 0.18-a0-1774-gce1f7b6 (webtiles) character file.

2884 M4edhros the Spear-Bearer (level 9, -3/63 HPs)
             Began as a Mummy Chaos Knight on Apr 15, 2016.
             Was a Follower of Cheibriados.
             Killed by the severe capriciousness of Xom (26 damage)
             ... on level 8 of the Dungeon.
             The game lasted 00:12:33 (5182 turns).

M4edhros the Spear-Bearer (Mummy Chaos Knight)      Turns: 5182, Time: 00:12:34

Health: -3/63      AC:  5    Str: 22    XL:     9   Next: 48%
Magic:  12/12      EV: 13    Int: 13    God:    Cheibriados [*.....]
Gold:   1425       SH:  0    Dex: 16    Spells: 0 memorised, 8 levels left

rFire  x . .     SeeInvis .     n - +6 falchion of Action {vamp, Str+4 Stlth+}
rCold  + . .     Gourm    .     b - +2 leather armour
rNeg   + + +     Faith    .     (no shield)
rPois  ∞         Spirit   .     (no helmet)
rElec  .         Dismiss  .     (no cloak)
rCorr  .         Reflect  .     (no gloves)
SustAt +         Harm     .     (no boots)
MR     ++...                    k - amulet of regeneration
Stlth  ++........               s - ring of sustain attributes
                                w - ring of protection from magic

@: very slow, very resistant to hostile enchantments, unstealthy
A: no food or potions, fire vulnerability, cold resistance 1, negative energy
resistance 3, torment resistance, unbreathing
a: Bend Time, Renounce Religion


You were on level 8 of the Dungeon.
You worshipped Cheibriados.
Cheibriados was aware of your devotion.
You were not hungry.

You visited 2 branches of the dungeon, and saw 9 of its levels.
You also visited: Ossuary.

You collected 1425 gold pieces.

Inventory:

Hand Weapons
 n - the +6 falchion of Action (weapon) {vamp, Str+4 Stlth+}
   (You found it on level 7 of the Dungeon)

   It inflicts no extra harm, but heals its wielder somewhat when it strikes a
   living foe.
   It affects your strength (+4).
   It makes you more stealthy.
 o - a +1 flail of protection
 x - a +0 hunting sling
Missiles
 g - 18 arrows of dispersal
 i - 108 stones (quivered)
 y - 29 sling bullets
Armour
 b - a +2 leather armour (worn)
 t - a +3 leather armour
Rods
 r - a +4 rod of inaccuracy (2/16)
   (Xom gifted it to you in an ossuary)
 v - a +0 rod of shadows (3/14)
   (You found it on level 6 of the Dungeon)
Jewellery
 j - an uncursed amulet of guardian spirit
 k - an amulet of regeneration (around neck)
 s - a ring of sustain attributes (right hand)
 w - a ring of protection from magic (left hand)
Wands
 a - a wand of digging (1/24)
 p - a wand of teleportation (3/9)
 u - a wand of slowing (9/48)
Scrolls
 c - 6 scrolls of remove curse
 d - a scroll of random uselessness
 e - 2 scrolls of enchant weapon
 f - a scroll of fog {unknown}
 h - 2 scrolls of blinking
 l - 2 scrolls of enchant armour
 m - a scroll of summoning {unknown}
 q - 2 scrolls of fear


   Skills:
 - Level 3.0 Fighting
 + Level 0.8 Long Blades
   Level 9.5 Polearms
 - Level 1.5 Armour
 + Level 3.1 Dodging
 * Level 5.0 Evocations


You had 8 spell levels left.
You didn't know any spells.

Dungeon Overview and Level Annotations

Branches:
Dungeon (8/15)             Temple (1/1) D:7
   Lair: D:8-11

Altars:
Cheibriados
Elyvilon
Fedhas
Makhleb
Nemelex Xobeh
Okawaru
Pakellas
Vehumet
Xom

Shops:
D:5 !


Innate Abilities, Weirdness & Mutations

You do not eat or drink.
Your flesh is vulnerable to fire.
You are immune to poison.
Your flesh is cold resistant.
You are immune to negative energy.
You are immune to unholy pain and torment.
You can survive without breathing.


Message History

The killer bee poisons your hill giant! The killer bee barely misses you.
Wield which item (- for none, * to show all)? (? for menu, Esc to quit)
You feel an empty sense of dread.
n - the +6 falchion of Action (weapon)
{vamp, Str+4 Stlth+} The killer bee stings your hill giant.
The killer bee poisons your hill giant! The killer bee stings you!
* * * LOW HITPOINT WARNING * * *
Your hill giant hits the killer bee with a giant spiked club!!!
The killer bee dies!
Cheibriados thoroughly appreciates the change of pace.
Your hill giant hits the killer bee with a giant club!
The killer bee dies!
Cheibriados thoroughly appreciates the change of pace.
You swap places.
You see here a killer bee corpse.
Your hill giant dissolves into shadows! x2
Xom's power touches on you.
You are blasted with magical energy!
You die...
Xom chuckles heartily!

#..#######.##.#.#.....
#.†........##.##.#.##.
#†###########.###.###. #.#
##+##### #. #.# ##...## #.
##.### ##.....## #.
#....## ##.......## #.
##.#...####.........###.
.........@..+.........'.[.
##.###...#.##..<..>...###.
#. ##.##.###.......## #. #
#..# .# ##.....## #. .....
.# ##...## #. ###.## ##
##+## #. #. #. .


There were no monsters in sight!

Vanquished Creatures
  Pikel (D:5)
  A black bear (D:6)
  A sky beast (D:5)
  3 orc wizards
  3 phantoms
  An ice beast (D:6)
  2 necrophages
  Blork the orc (D:5)
  4 killer bees
  2 crimson imps
  2 giant frog zombies (D:6)
  A hound (D:5)
  2 orc priests
  2 iguanas
  A worker ant (D:6)
  6 big kobold zombies (Ossuary)
  A hound skeleton (D:6)
  A mummy (Ossuary)
  4 adders
  A shadow imp (D:7)
  An ooze (D:1)
  An adder skeleton (D:7)
  7 giant geckos
  14 orcs
  8 spectral bats (Ossuary)
  5 giant cockroaches
  5 gnoll zombies (Ossuary)
  5 hobgoblins
  7 jackals
  2 quokkas
  2 ball pythons
  7 bats
  2 bat simulacra (Ossuary)
  A giant newt (shapeshifter) (D:5)
  10 giant newts
  3 goblin simulacra (Ossuary)
  5 goblin zombies (Ossuary)
  7 hobgoblin zombies (Ossuary)
  3 kobolds (D:3)
  A kobold simulacrum (Ossuary)
  2 kobold zombies (Ossuary)
  2 orc zombies (Ossuary)
  A rat (shapeshifter) (D:3)
  5 rats
  2 rat simulacra (Ossuary)
  4 spectral goblins (Ossuary)
  A spectral kobold (Ossuary)
  A spectral rat (Ossuary)
154 creatures vanquished.

Vanquished Creatures (collateral kills)
  The ghost of simok the Cleaver, a novice HOWn of Okawaru (D:7)
  Prince Ribbit (D:7)
  The ghost of barb4r1an the Skirmisher, an amateur DsMo (D:4)
  A necrophage (D:3)
  2 giant frogs
  7 killer bees
  The ghost of barb4r1an the Insei, a weakling DsMo (D:3)
  4 wights (D:6)
  2 hounds
  An iguana (D:4)
  2 orc wizards
  A worker ant (D:6)
  A hound skeleton (D:7)
  2 adders
  A dart slug (D:3)
  A giant gecko (D:4)
  7 orcs
  A giant cockroach (shapeshifter) (D:7)
  2 jackals (D:7)
  2 bat simulacra (Ossuary)
  A giant gecko skeleton (D:7)
  A giant newt (D:4)
  A gnoll zombie (Ossuary)
  A goblin simulacrum (Ossuary)
  A hobgoblin zombie (Ossuary)
  An orc zombie (Ossuary)
  A quokka skeleton (D:7)
  A rat simulacrum (Ossuary)
49 creatures vanquished.

Vanquished Creatures (others)
  A dancing weapon (D:5)
  Sigmund (D:5)
  Edmund (D:5)
  A slave (D:5)
  A giant frog zombie (D:5)
  3 orc wizards
  An adder (D:5)
  5 orcs
  3 jackals (D:4)
17 creatures vanquished.

Grand Total: 220 creatures vanquished

Notes
Turn   | Place    | Note
--------------------------------------------------------------
     0 | D:1      | M4edhros the Mummy Chaos Knight began the quest for the Orb.
     0 | D:1      | Reached XP level 1. HP: 18/18 MP: 1/1
    79 | D:1      | XOM: harmless Hex miscast
    86 | D:1      | XOM: divination: detect items
   137 | D:1      | XOM: divination: detect creatures
   375 | D:1      | Reached skill level 3 in Polearms
   375 | D:1      | Reached XP level 2. HP: 19/24 MP: 2/2
   862 | D:3      | XOM: harmless Conj miscast
   872 | D:3      | Noticed a necrophage
   878 | D:3      | XOM: potion effect (brilliance)
   904 | D:3      | XOM: cast spell 'Summon Horrible Things'
   907 | D:3      | Killed a necrophage
   907 | D:3      | Reached skill level 4 in Polearms
   907 | D:3      | Reached XP level 3. HP: 17/29 MP: 3/3
   907 | D:3      | Reached XP level 4. HP: 21/35 MP: 4/4
   914 | D:3      | Noticed barb4r1an's ghost (weakling DsMo)
   917 | D:3      | Killed barb4r1an's ghost
   950 | D:3      | XOM: god gift: 18 arrows of dispersal
  1039 | D:3      | Found a radiant altar of Vehumet.
  1039 | D:3      | XOM: 6-stop teleportation journey
  1051 | D:3      | Reached XP level 5. HP: 41/41 MP: 5/5
  1234 | D:4      | Found a white marble altar of Elyvilon.
  1240 | D:4      | Noticed barb4r1an's ghost (amateur DsMo)
  1240 | D:4      | XOM: destruction
  1245 | D:4      | XOM: scenery: create altars
  1261 | D:4      | XOM: fog
  1272 | D:4      | XOM: scenery: create altars
  1274 | D:4      | XOM: summons 5 friendly demons
  1280 | D:4      | Killed barb4r1an's ghost
  1280 | D:4      | Reached skill level 5 in Polearms
  1478 | D:4      | XOM: summons 3 friendly demons
  1574 | D:4      | Reached XP level 6. HP: 42/47 MP: 6/6
  1578 | D:4      | XOM: divine lightning (protected)
  1588 | D:4      | XOM: divine lightning (protected)
  1665 | D:5      | Entered Level 5 of the Dungeon
  1756 | D:5      | Noticed a sky beast
  1764 | D:5      | Found Loyreosym's Distillery.
  1790 | D:5      | XOM: fog
  1829 | D:5      | XOM: polymorph orc -> giant gecko
  1836 | D:5      | XOM: summons friendly quasit
  1872 | D:5      | Reached skill level 6 in Polearms
  1887 | D:5      | XOM: summons friendly ufetubus
  1908 | D:5      | Killed a sky beast
  2039 | D:5      | Noticed Sigmund
  2042 | D:5      | XOM: smoke on damage
  2083 | D:5      | Noticed a slave
  2084 | D:5      | Noticed a slave
  2085 | D:5      | Noticed a slave
  2087 | D:5      | Noticed Pikel
  2088 | D:5      | Noticed a slave
  2088 | D:5      | Reached XP level 7. HP: 49/52 MP: 7/7
  2096 | D:5      | Killed Pikel
  2096 | D:5      | Reached skill level 7 in Polearms
  2108 | D:5      | Noticed Blork the orc
  2142 | D:5      | Killed Blork the orc
  2194 | D:5      | Reached skill level 8 in Polearms
  2270 | D:5      | Reached XP level 8. HP: 53/58 MP: 8/8
  2283 | D:5      | Killed Sigmund
  2302 | D:5      | XOM: enchant monster (good)
  2492 | D:5      | Noticed Edmund
  2500 | D:5      | Killed Edmund
  2500 | D:5      | XOM: divine lightning (protected)
  2510 | D:5      | XOM: scenery: create altars
  2524 | D:5      | XOM: confuse monster(s)
  2579 | D:5      | XOM: vitrification
  2593 | D:5      | XOM: confuse monster(s)
  2616 | D:5      | XOM: divination: detect items
  2731 | D:6      | XOM: summons friendly white imp
  2755 | D:6      | XOM: mild Conj miscast
  2788 | D:6      | Found a sand-covered staircase.
  2860 | Ossuary  | Entered an ossuary
  2912 | Ossuary  | Reached skill level 9 in Polearms
  3004 | Ossuary  | XOM: mild Tloc miscast
  3047 | Ossuary  | XOM: 3-stop teleportation journey
  3148 | Ossuary  | XOM: summons friendly quasit
  3159 | Ossuary  | XOM: scenery: 2 doors open
  3222 | Ossuary  | XOM: god gift: thin glowing rod {god gift}
  3224 | Ossuary  | Identified a +2 rod of inaccuracy (14/14) (Xom gifted it to you in an ossuary)
  3293 | Ossuary  | XOM: god gift: 1120 gold pieces
  3396 | D:6      | XOM: potion effect (haste)
  3399 | D:6      | XOM: summons 4 friendly demons
  3408 | D:6      | Reached skill level 1 in Evocations
  3518 | D:6      | XOM: summons 2 friendly demons
  3528 | D:6      | Reached skill level 1 in Dodging
  3630 | D:6      | XOM: swap monsters
  3710 | D:6      | XOM: scenery: 2 doors close
  3818 | D:6      | Found a burning altar of Makhleb.
  3826 | D:6      | XOM: medium Air miscast
  3861 | D:6      | XOM: enchant monster (bad)
  3904 | D:6      | XOM: confuse monster(s)
  3926 | D:6      | Reached XP level 9. HP: 63/63 MP: 11/11
  4059 | D:7      | Noticed simok's ghost (novice HOWn)
  4083 | D:7      | XOM: divination: detect items
  4099 | D:7      | XOM: cast spell 'Summon Dragon'
  4108 | D:7      | Killed simok's ghost
  4117 | D:7      | XOM: harmless Necr miscast
  4127 | D:7      | XOM: harmless Pois miscast
  4168 | D:7      | Found a staircase to the Ecumenical Temple.
  4226 | Temple   | Entered the Ecumenical Temple
  4255 | Temple   | Fell from the grace of Xom
  4255 | Temple   | Became a worshipper of Cheibriados the Contemplative
  4534 | D:7      | Noticed Prince Ribbit
  4535 | D:7      | Identified a +0 rod of shadows (14/14) (You found it on level 6 of the Dungeon)
  4542 | D:7      | Killed Prince Ribbit
  4644 | D:7      | Found an oddly glowing altar of Pakellas.
  4802 | D:7      | Got a faintly glowing falchion
  4803 | D:7      | Identified the +6 falchion of Action {vamp, Str+4 Stlth+} (You found it on level 7 of the Dungeon)
  4838 | D:7      | XOM: scenery: create altars
  4846 | D:7      | HP: 3/63 [killer bee (5)]
  5013 | D:7      | Reached * piety under Cheibriados
  5167 | D:8      | Reached skill level 5 in Evocations
  5182 | D:8      | XOM: severe Conj miscast
  5182 | D:8      | Killed by the severe capriciousness of Xom

Vault maps used:
D:1:      sevenhm_arrival_forest_fort_small_6
D:2:      grunt_temple_overflow_open, first_bread, nrook_uturn
D:3:      nicolae_overflow_hidden_temple, kennysheep_generic_room_7
D:4:      kennysheep_big_flooded_room, overflow_temple_1_default,
          hangedman_decor_clover_reticule, minmay_lizard_king
D:5:      serial_shops, shop, uniq_sigmund, uniq_edmund, uniq_blork_the_orc,
          uniq_pikel
D:6:      lightli_ossuary_entry_decrepit_ruins, lemuel_statue_altar
D:7:      minmay_temple_entry_fiery, johnstein_pakellas_dig, uniq_prince_ribbit1
D:8:      the_bakery, roderic_lattice_a, nicolae_ru_path_of_blood
Temple:   water_room_temple_b_12
Ossuary:  ossuary_zaba_two_paths

Skill      XL: |  1  2  3  4  5  6  7  8  9 |
---------------+----------------------------+-----
Polearms       | 3 4 5 6 8 9 |  9.5
Evocations     | 3 5 |  5.0
Dodging        | 1 3 |  3.1
Fighting       | |  3.0
Long Blades    | |  0.8
Armour         | |  1.5

Action                   |  1- 3 |  4- 6 |  7- 9 || total
-------------------------+-------+-------+-------++-------
Melee: Spear             |    86 |   201 |   197 ||   484
       Flail             |       |       |   322 ||   322
       Falchion          |       |       |    21 ||    21
Evoke: Rod               |       |       |    26 ||    26
       Wand              |       |       |     1 ||     1
  Use: Scroll            |       |       |    12 ||    12
 Stab: Sleeping          |       |     1 |     1 ||     2
       Paralysed         |       |     5 |     9 ||    14
       Confused          |       |       |    10 ||    10
       Petrified         |       |       |     4 ||     4
       Petrifying        |       |       |     1 ||     1
Armor: Leather armour    |    17 |    41 |   248 ||   306
Dodge: Dodged            |    33 |    62 |   416 ||   511
